 Seeded DCSS version 0.30.1-11-g7821555f0a (webtiles) character file.

Game seed: 5 (custom seed)

7 Kazon the Shield-Bearer (level 2, 0/19 HPs)
             Began as a Gargoyle Fighter on Nov 28, 2023.
             Slain by a jackal (2 damage)
             ... on level 1 of the Dungeon.
             The game lasted 00:00:53 (103 turns).

Kazon the Shield-Bearer (Gargoyle Fighter)           Turns: 103, Time: 00:00:53

Health: 0/19       AC:  2    Str: 19    XL:     2   Next: 0%
Magic:  2/2        EV: 11    Int:  8    God:
Gold:   15         SH:  0    Dex:  9    Spells: 1/1 levels left

rFire   . . .        (no weapon)
rCold   . . .        (no shield)
rNeg    + . .        (no body armour)
rPois   ∞            (no helmet)
rElec   +            (no cloak)
rCorr   .            (no gloves)
SInv    .            (no boots)
Will    .....        (no amulet)
Stlth   +            (no ring)
HPRegen 0.23/turn    (no ring)
MPRegen 0.08/turn

%: no passive effects
@: very slow
A: sickness immunity, AC +2, negative energy resistance 1, electricity
resistance, torment resistance 1, petrification resistance
a: no special abilities


You were on level 1 of the Dungeon.
You visited 1 branch of the dungeon, and saw 1 of its levels.

You collected 15 gold pieces.

Inventory:

Scrolls
 e - a scroll of acquirement
Potions
 d - a potion of might


   Skills:
 + Level 3.2 Fighting
 + Level 2.1 Maces & Flails
 + Level 3.5 Armour
 + Level 3.5 Shields


You had one spell level left.
You didn't know any spells.
Your spell library was empty.

Dungeon Overview and Level Annotations

Branches:
Dungeon (1/15)

Altars:


Innate Abilities, Weirdness & Mutations

You are immune to sickness and miasma.
Your stone body is resilient. (AC +2)
You are immune to poison.
You resist negative energy. (rN+)
You are resistant to electric shocks. (rElec)
You are resistant to unholy torment.
You are immune to petrification.


Message History

You hit the endoplasm.
The endoplasm is severely wounded.
The endoplasm barely misses you.
You hit the endoplasm.
You kill the endoplasm!
You have reached level 2!
You now have 15 gold pieces.
A goblin comes into view. It is wielding a +0 dagger.
You enter the shallow water.
Moving in this stuff is going to be slow.
An endoplasm comes into view.
The goblin barely misses you. x2
The goblin hits you with a +0 dagger. The goblin attacks as you move away!
The goblin hits you with a +0 dagger.
A jackal comes into view.
Found 10 gold pieces.
The jackal barks!
A jackal comes into view. x2; An endoplasm comes into view.
A goblin comes into view. It is wielding a +0 dagger.
The jackal moves out of view.
The endoplasm moves out of view.
The goblin attacks as you move away! The goblin hits you with a +0 dagger.
Found a scroll labelled FOQEFA DOBLIOG.
The jackal barks!
The endoplasm quivers.
You hit the jackal.
The jackal is heavily wounded.
The jackal barely misses you. The goblin hits you with a +0 dagger.
You hit the jackal.
The jackal is severely wounded.
The goblin misses you. The endoplasm barely misses you.
You hit the goblin but do no damage. The jackal bites you.
The goblin splashes around in the water.
The endoplasm freezes you.
You are frozen.
* * * LOW HITPOINT WARNING * * *
You barely miss the jackal. The jackal barely misses you.
The goblin hits you with a +0 dagger.
* * * LOW HITPOINT WARNING * * *
The endoplasm hits something.
The jackal bites you.
You die... ..?.... ....... ...$... ........ .......... hg........

##hhJ.......#.#
#@♣♣♣P♣.....#.#
##♣Jg♣~~~~....#.#
♣♣♣~~≈~~~P~~... #.#
P~~~~≈≈≈~~~~♣## #.#
P~~~~~≈≈≈~~~P~♣####.#
~~~~~~~~~~~~~~~~....####
~PP~~~~P~~P..~~~........
~♣♣~~....~.~.~.....#####
#.................#


You could see 2 endoplasms, 3 jackals and 2 goblins.

Vanquished Creatures
  An endoplasm (D:1)
  4 jackals (D:1)
5 creatures vanquished.

Notes
Turn   | Place    | Note
-------+----------+-------------------------------------------
     0 | D:1      | Kazon the Gargoyle Fighter began the quest for the Orb.
     0 | D:1      | Reached XP level 1. HP: 14/14 MP: 1/1
    52 | D:1      | Identified a scroll of acquirement
    82 | D:1      | Reached XP level 2. HP: 16/19 MP: 2/2
   103 | D:1      | Slain by a jackal

Illustrated notes

Levels and vault maps discovered:
D:1:      ebering_trefoil_3fold, layout_basic, st_stairs_14, serial_bayou_ford_a

Action                     || total
---------------------------++-------
  Melee: Flail             ||    26
         Unarmed           ||    11
 Armour: Scale mail        ||    22
         Skin              ||     1
  Dodge: Dodged            ||    23
  Block: Buckler           ||     7
